Map: Invader LE

Players

PABLOM - Winner!

  • Race: Terran Terran
  • League: Silver
  • Spawn Location: 7:00

Fropez

  • Race: Protoss Protoss
  • League: Silver
  • Spawn Location: 11:00

VOD

Have the link to the VOD?

Description

Time

  • Played on: June 9, 2016, 12:09 p.m.
  • Length: 26:04
Show
View Real Time Build Order
Export as new Build Order

PABLOM Terran - Winner!

Build Orders: 1/1/1 

Get SALT Encoding   

  12  0:01  SCV  
  13  0:13  SCV  
  14  0:25  SCV, Supply Depot  
  15  0:34  Refinery  
  15  0:46  SCV  
  15  0:48  Barracks  
  16  0:59  SCV  
  17  1:11  SCV  
  18  1:22  Supply Depot  
  18  1:23  SCV  
  19  1:33  Refinery  
  19  1:35  SCV  
  19  1:37  Factory  
  20  1:41  Marine  
  21  1:51  Orbital Command  
  21  1:58  Engineering Bay  
  21  2:00  Barracks Reactor  
  21  2:19  SCV  
  22  2:25  Starport  
  22  2:28  Factory Tech Lab  
  22  2:36  Marine x2  
  24  2:40  Supply Depot  
  24  2:48  SCV  
  25  2:54  Marine x2, Missile Turret  
  27  2:59  Siege Tank  
  27  3:02  Starport Tech Lab  
  30  3:12  Marine x2  
  32  3:16  SCV  
  33  3:28  SCV  
  34  3:43  Medivac  
  34  3:45  Siege Tank  
  39  3:53  Supply Depot  
  39  4:15  Marine x2  
  41  4:17  Supply Depot  
  41  4:32  Marine  
  42  4:41  Marine  
  43  4:50  Marine  
  44  4:58  Marine  
  43  5:28  Marine x2  
  45  5:45  Marine x2  
  41  6:01  Command Center  
  41  6:03  Marine x2  
  43  6:10  Supply Depot  
  43  6:20  Siege Tank  
  43  6:21  Marine  
  43  6:22  Medivac  
  49  6:33  Bunker  
  48  6:40  Terran Infantry Armor Level 1  
  48  6:41  Barracks  
  48  6:42  Barracks, Engineering Bay  
  48  6:52  Medivac  
  48  6:53  Siege Tank  
  53  6:59  Missile Turret  
  53  7:04  Marine  
  54  7:10  Barracks  
  54  7:21  Marine  
  54  7:22  Marine  
  55  7:23  Medivac  
  58  7:38  Liberator  
  58  7:43  Orbital Command  
  58  7:48  Barracks Tech Lab x2  
  58  7:51  Terran Infantry Weapons Level 1  
  58  7:57  Marine  
  63  7:58  Reaper  
  63  8:16  Reaper  
  64  8:38  Medivac  
  66  8:42  High Capacity Fuel Tanks  
  66  8:45  Barracks Reactor  
  66  8:48  Barracks Tech Lab  
  66  8:53  Barracks  
  66  8:55  Marine  
  66  8:56  Marine, Marauder x2  
  72  9:13  Marine x2  
  74  9:18  Marauder x2  
  78  9:35  Supply Depot x2  
  78  9:37  Supply Depot  
  78  9:40  Armory  
  78  9:49  Refinery  
  78  9:50  Refinery  
  78  9:53  Stimpack, Concussive Shells  
  78  9:56  Marine x3  
  78  9:57  SCV x2, Marauder x2  
  87  10:09  SCV x2  
  89  10:14  Marine  
  89  10:15  Marauder  
  89  10:18  Marauder x2  
  89  10:21  SCV x2  
  96  10:33  SCV x2  
  98  10:36  Marauder  
  100  10:45  SCV x2  
  102  10:53  Terran Vehicle Weapons Level 1  
  102  10:54  Terran Infantry Armor Level 2, Terran Infantry Weapons Level 2  
  102  11:05  Supply Depot  
  102  11:07  Supply Depot x2  
  102  11:08  Supply Depot  
  102  11:26  Marine x2, SCV x2  
  102  11:27  Marauder x2  
  102  11:29  Marauder  
  112  11:38  SCV x2  
  114  11:44  Marine x2  
  115  11:51  SCV x2  
  117  12:03  Fusion Core  
  104  12:36  Command Center  
  104  12:42  Refinery  
  104  12:43  Refinery  
  104  12:46  Barracks Tech Lab  
  104  12:47  Command Center  
  104  12:48  Marine  
  104  12:49  Marine, Marauder x3  
  112  13:06  Marine x2  
  112  13:08  Missile Turret  
  112  13:10  Marine, Missile Turret  
  112  13:11  Marauder x2  
  119  13:19  Refinery  
  119  13:20  Bunker  
  119  13:21  Refinery  
  119  13:30  Marine x2  
  119  13:31  Marauder, Missile Turret  
  119  13:32  Marine, Marauder  
  126  13:47  SCV  
  126  13:48  SCV  
  129  13:51  Missile Turret  
  128  14:00  SCV x2  
  130  14:06  Terran Infantry Weapons Level 3, Terran Infantry Armor Level 3  
  130  14:09  Combat Shields  
  130  14:16  Terran Ship Weapons Level 1  
  130  14:19  Medivac  
  132  14:24  Starport  
  132  14:27  Starport  
  132  14:29  Starport  
  132  14:34  Planetary Fortress  
  132  14:49  Medivac  
  134  14:58  Orbital Command  
  133  15:27  Starport Tech Lab x2  
  133  15:28  Starport Reactor  
  123  16:36  Marine x3  
  123  16:37  Marauder x2  
  114  16:54  Marine x2  
  114  16:55  Marauder  
  114  16:58  Marine, Marauder  
  111  17:05  Viking x4  
  117  17:10  Viking  
  117  17:12  Marine x2  
  121  17:16  Neosteel Frame, Marauder x2, Hi-Sec Auto Tracking  
  121  17:19  Marine  
  126  17:25  Missile Turret  
  126  17:28  Missile Turret  
  126  17:29  Missile Turret x2  
  125  17:30  Marine x2, Missile Turret  
  125  17:35  Viking x4, Missile Turret  
  125  17:36  Missile Turret  
  135  17:37  Marauder  
  135  17:38  Marauder x2  
  141  17:47  Marine  
  141  17:48  Marine  
  143  17:57  Viking  
  145  17:58  Marine x2  
  145  17:59  Marauder  
  145  18:05  Marine x2, Viking x4  
  159  18:13  Building Armor  
  159  18:16  Marine x2  
  160  18:20  Marine  
  160  18:23  Marine x2  
  156  18:27  Viking  
  153  18:34  Marine x2  
  153  18:35  Viking x3  
  153  18:38  Marine  
  153  18:41  Marine x2  
  146  18:52  Marine x2  
  146  18:53  Viking  
  150  18:55  Marine  
  150  18:57  Viking  
  150  18:59  Marine x2  
  155  19:10  Marine, Marauder, Medivac  
  155  19:13  Marine  
  155  19:16  Marine  
  155  19:17  Marine  
  146  19:28  Marauder  
  133  19:31  Marauder  
  133  19:32  Marauder  
  133  19:34  Marine x2  
  134  19:41  Viking, Medivac  
  138  19:49  Marauder  
  138  19:52  Marine x2  
  141  19:53  Marauder x2  
  146  20:10  Marine x3  
  146  20:14  Marine x2  
  151  20:28  Marine x3  
  154  20:38  Command Center  
  154  20:40  Command Center  
  154  20:41  Command Center  
  154  21:18  Medivac x2  
  154  21:19  Medivac x2  
  162  21:33  Liberator x5  
  177  22:16  Liberator x2  
  171  22:33  Viking, Medivac x2  
  183  22:37  Orbital Command  
  183  23:15  Viking  
  185  23:20  Orbital Command  
  179  23:56  Liberator x3  
  179  24:10  Marine x3  
  179  24:12  Viking x2  
  195  24:25  Liberator x2  
  189  24:44  Orbital Command  
  195  25:05  SCV x4  
  200  25:13  Planetary Fortress  
Show
View Real Time Build Order
Export as new Build Order

Fropez Protoss 

Build Orders:  

Get SALT Encoding   

  12  0:01  Probe (Chrono Boost)  
  13  0:17  Pylon  
  13  0:18  Probe (Chrono Boost)  
  14  0:29  Probe (Chrono Boost)  
  15  0:38  Gateway  
  15  0:41  Probe (Chrono Boost)  
  16  0:50  Pylon  
  16  0:52  Probe (Chrono Boost)  
  17  0:58  Assimilator  
  17  1:02  Probe (Chrono Boost)  
  18  1:13  Probe (Chrono Boost)  
  19  1:25  Cybernetics Core  
  19  1:30  Probe (Chrono Boost)  
  20  1:36  Forge  
  20  1:48  Probe (Chrono Boost)  
  20  1:52  Gateway  
  22  2:04  Assimilator  
  22  2:06  Mothership Core (Chrono Boost)  
  23  2:24  Probe (Chrono Boost)  
  24  2:30  Photon Cannon  
  24  2:32  Pylon  
  24  2:34  Probe (Chrono Boost)  
  25  2:45  Probe (Chrono Boost)  
  25  2:51  Warp Gate (Chrono Boost)  
  26  2:53  Nexus  
  26  2:58  Protoss Ground Weapons Level 1 (Chrono Boost)  
  26  3:01  Probe  
  27  3:13  Probe  
  27  3:16  Photon Cannon  
  28  3:25  Probe  
  28  3:38  Probe  
  29  3:49  Assimilator  
  29  3:50  Probe, Assimilator  
  29  3:54  Pylon  
  30  4:02  Probe  
  31  4:07  Pylon  
  31  4:13  Probe  
  31  4:14  Probe  
  32  4:29  Twilight Council  
  32  4:36  Probe, Gateway  
  32  4:37  Probe, Gateway  
  34  4:46  Protoss Ground Armor Level 1 (Chrono Boost)  
  34  4:47  Probe  
  34  4:49  Probe  
  36  4:55  Pylon  
  36  4:56  Pylon  
  36  5:03  Pylon  
  34  5:22  Photon Cannon  
  34  5:28  Probe  
  33  5:29  Probe  
  33  5:34  Stalker x2  
  33  5:35  Stalker x2  
  35  5:46  Blink (Chrono Boost)  
  35  5:47  Probe  
  35  5:48  Probe  
  37  6:00  Probe  
  37  6:01  Pylon  
  38  6:07  Probe  
  39  6:13  Protoss Ground Weapons Level 2  
  39  6:15  Gateway  
  39  6:29  Probe  
  41  6:32  Probe  
  41  6:42  Probe  
  42  6:49  Stalker  
  42  6:50  Stalker x3  
  48  7:20  Probe  
  48  7:21  Probe  
  50  7:23  Stalker  
  50  7:24  Stalker x3  
  58  7:33  Probe  
  58  7:34  Probe  
  59  7:41  Gateway  
  59  7:44  Pylon  
  59  7:45  Probe  
  59  7:46  Probe  
  61  8:05  Probe x2  
  63  8:11  Nexus  
  63  8:15  Stalker x3  
  63  8:17  Stalker  
  63  8:19  Probe  
  72  8:25  Protoss Ground Weapons Level 3  
  72  8:31  Probe  
  71  8:43  Pylon  
  71  8:48  Pylon  
  71  8:58  Adept x5  
  81  9:03  Adept  
  83  9:10  Probe  
  84  9:22  Pylon  
  84  9:24  Pylon  
  84  9:29  Pylon  
  84  9:32  Pylon  
  84  9:39  Adept, Assimilator  
  84  9:40  Adept x3  
  84  9:41  Assimilator  
  84  9:42  Adept  
  94  10:13  Stalker x2  
  94  10:14  Stalker x4  
  102  10:41  Probe  
  102  10:43  Stargate  
  102  10:45  Probe  
  102  10:46  Probe  
  102  10:49  Stargate  
  105  10:56  Probe  
  105  10:57  Photon Cannon  
  106  11:08  Gateway  
  106  11:09  Gateway  
  106  11:11  Gateway, Photon Cannon  
  106  11:13  Probe  
  106  11:16  Probe  
  106  11:17  Pylon  
  108  11:29  Probe  
  108  11:31  Protoss Air Weapons Level 1 (Chrono Boost)  
  108  11:32  Probe  
  110  11:33  Probe  
  111  11:41  Fleet Beacon  
  111  11:42  Pylon  
  111  11:44  Protoss Shields Level 1 (Chrono Boost)  
  105  11:52  Stalker  
  105  11:53  Stalker  
  107  11:55  Stalker  
  109  12:19  Stalker  
  109  12:20  Stalker x5  
  121  12:27  Stalker  
  121  12:28  Probe  
  121  12:29  Stalker  
  114  12:45  Tempest (Chrono Boost)  
  114  12:48  Tempest (Chrono Boost)  
  114  12:49  Probe  
  123  13:12  Probe  
  124  13:25  Tempest (Chrono Boost)  
  124  13:27  Tempest (Chrono Boost)  
  132  13:35  Probe  
  132  13:36  Robotics Facility  
  133  14:02  Tempest (Chrono Boost)  
  137  14:04  Tempest (Chrono Boost)  
  141  14:13  Nexus  
  141  14:21  Charge  
  141  14:27  Observer  
  142  14:39  Tempest (Chrono Boost)  
  142  14:41  Tempest (Chrono Boost)  
  150  14:48  Observer  
  151  14:57  Pylon  
  151  15:00  Probe  
  151  15:01  Pylon  
  152  15:10  Observer  
  153  15:16  Tempest (Chrono Boost)  
  153  15:18  Tempest (Chrono Boost)  
  161  15:31  Observer  
  161  15:32  Pylon  
  162  15:39  Pylon  
  162  15:43  Stalker x7  
  162  15:44  Stalker x2  
  175  15:54  Tempest (Chrono Boost)  
  180  16:01  Tempest (Chrono Boost)  
  119  16:49  Stalker x6  
  119  16:50  Stalker x3  
  103  17:15  Tempest (Chrono Boost)  
  111  17:16  Tempest (Chrono Boost)  
  111  17:45  Stalker x6  
  123  18:22  Nexus  
  123  18:24  Assimilator  
  123  18:28  Assimilator  
  122  19:03  Zealot x3  
  122  19:04  Zealot x4  
  87  19:26  Zealot x5  
  74  19:48  Probe  
  74  19:50  Probe x2  
  77  20:34  Probe  
  77  20:35  Nexus  
  77  20:36  Probe  
  79  20:44  Assimilator  
  79  20:45  Probe  
  79  20:49  Assimilator  
  80  20:50  Nexus  
  80  20:52  Pylon  
  80  20:53  Assimilator  
  80  20:56  Assimilator  
  80  21:00  Pylon, Phoenix (Chrono Boost)  
  80  21:01  Phoenix (Chrono Boost)  
  80  21:22  Phoenix (Chrono Boost)  
  82  21:35  Templar Archives  
  82  21:37  Pylon  
  82  21:42  Probe  
  82  21:43  Probe  
  82  21:44  Probe x2  
  82  21:46  Probe  
  86  21:53  Probe  
  87  21:57  Probe  
  87  22:00  Probe  
  89  22:07  Probe  
  89  22:10  Probe  
  78  22:31  Probe  
  79  22:37  High Templar  
  79  22:38  High Templar x6  
  79  22:39  High Templar  
  79  22:41  Probe  
  79  22:42  Archon x2  
  79  22:43  Archon x2  
  96  22:46  Phoenix (Chrono Boost)  
  98  22:52  Probe x2  
  100  23:03  Probe  
  101  23:13  Probe  
  101  23:14  High Templar x2, Photon Cannon  
  101  23:15  High Templar x6  
  118  23:20  Archon x2  
  118  23:24  Probe  
  119  23:34  Probe  
  119  23:39  Tempest (Chrono Boost)  
  122  23:42  Tempest (Chrono Boost)  
  82  24:44  Zealot x2  
  82  24:45  Zealot x6  
  88  24:47  Archon  
  88  24:48  Archon  
  78  25:08  Nexus  
  78  25:11  Assimilator  
  78  25:13  Assimilator  
  78  25:17  Pylon  
  77  25:24  High Templar x4, Cybernetics Core  
  77  25:25  Gateway  
  77  25:28  Archon x2  
  77  25:59  Zealot x2  
  77  26:00  Zealot x2  
Tags
 
Matchup
PvT
Opening
1/1/1
Replay Pack
All Mines
Spawn Locations
Close Positions
Add a new tag
Caveats
  • Supply blocks, unpowered buildings, or Contaminate may cause inaccurate times.
  • Supply counts are checked every 10 seconds.